 Dungeon Crawl Stone Soup version 0.27-a0-1105-g946c659c87 (webtiles) character file.

Game seed: 1413342361013411774

100 DogServant the Magician (level 4, -1/32 HPs)
             Began as a Djinni Hedge Wizard on Apr 29, 2021.
             Slain by a gnoll
             ... wielding a +0 club
              (3 damage)
             ... on level 3 of the Dungeon.
             The game lasted 00:07:54 (3626 turns).

DogServant the Magician (Djinni Hedge Wizard)       Turns: 3626, Time: 00:07:54

Health: -1/32      AC:  2    Str:  9    XL:     4   Next: 74%
Gold:   3          EV: 12    Int: 17    God:
                   SH:  0    Dex: 12

rFire    + + .     SeeInvis .   j - staff of earth
rCold    x . .     Faith    .   (no shield)
rNeg     . . .     Spirit   .   b - +0 robe
rPois    ∞         Reflect  .   c - +0 hat
rElec    .         Harm     .   (no cloak)
rCorr    .         Rampage  .   (no gloves)
Will     .....                  (boots unavailable)
Stlth    ++........             (no amulet)
HPRegen  0.10/turn              (no ring)
MPRegen  0.00/turn              (no ring)

@: flying
A: fire resistance 2, cold vulnerability 1, float, innate caster, hp casting,
extra vitality 1
a: no special abilities


You were on level 3 of the Dungeon.
You visited 1 branch of the dungeon, and saw 3 of its levels.

You collected 75 gold pieces.
You spent 72 gold pieces at shops.

Inventory:

Hand Weapons
 a - a +0 dagger
Armour
 b - a +0 robe (worn)
 c - a +0 hat (worn)
Magical Staves
 j - a staff of earth (weapon)
Jewellery
 g - a +4 ring of protection
 k - a ring of positive energy
Scrolls
 d - 4 scrolls of teleportation
 e - a scroll of fear {unknown}
 f - a scroll of enchant armour
 h - a scroll of immolation {unknown}
 i - 4 scrolls of noise {unknown}
Potions
 l - a potion of mutation {unknown}
 m - a potion of berserk rage {unknown}


   Skills:
 - Level 1.0 Fighting
 - Level 3.0 Dodging
 - Level 2.0 Stealth
 + Level 4.0 Spellcasting


You couldn't memorise any spells.
You knew the following spells:

 Your Spells              Type           Power      Damage    Failure   Level
a - Sandblast             Erth           50%        2d12      3%          1
b - Blink                 Tloc           N/A        N/A       4%          2
c - Call Imp              Summ           17%        N/A       4%          2
d - Slow                  Hex            17%        N/A       4%          2
e - Conjure Flame         Conj/Fire      17%        6-21      9%          3
f - Mephitic Cloud        Conj/Pois/Air  17%        N/A       9%          3
g - Magic Dart            Conj           68%        1d6       3%          1
Your spell library was empty.

Dungeon Overview and Level Annotations

Branches:
Dungeon (3/15)

Altars:
Gozag
Qazlal
Uskayaw
Vehumet
Zin

Shops:
D:3 ?

Annotations:
D:2 Sigmund


Innate Abilities, Weirdness & Mutations

You are immune to poison.
Your flesh is very heat resistant. (rF++)
You are vulnerable to cold. (rC-)
You float through the air rather than walking.
You learn spells naturally, not from books.
Your magical power is your life essence.
You have superior vitality. (+4 HP)


Message History

You start resting.
Sigmund is nearby!
Sigmund points at you and mumbles some strange words.
The puff of flame hits you. You resist.
* * * LOW HITPOINT WARNING * * *
Sigmund casts a spell at you. You resist with some effort.
You fly downwards.
There is a stone staircase leading up here.
Casting: Magic Dart (safe; 3% risk of failure)
Confirm with . or Enter, or press ? or * to list all spells.
You miscast Call Imp.
You are very lightly contaminated with residual magic.
Nothing appears to happen.
* * * LOW HITPOINT WARNING * * *
Casting: Call Imp (safe; 4% risk of failure)
Confirm with . or Enter, or press ? or * to list all spells.
A beastly little devil appears in a puff of flame.
* * * LOW HITPOINT WARNING * * *
Your crimson imp hits the gnoll.
The gnoll barely misses your crimson imp.
The gnoll completely misses your crimson imp.
Your crimson imp hits the gnoll.
The gnoll dies!
Your Spellcasting skill increases to level 4!
The gnoll throws a throwing net.
The throwing net barely misses your crimson imp.
The throwing net hits you.
You become entangled in the net!
You see here a throwing net.
You struggle against the net.
Your crimson imp blinks!
You struggle against the net.
Your magical contamination has completely faded away.
You shred the net and break free!
The gnoll throws a throwing net.
The throwing net hits you.
You become entangled in the net!
Your crimson imp blinks!
You struggle against the net.
You tear a large gash into the net.
You rip the net and break free!
The gnoll hits you with a +0 club.
You die...

#.##
#.......g....#..#...#
#.#
##.#########........#
#.# ##.## ##...>....
#.####...## #.##.....
#.......<.##
#.###....
####.......#
#........ ##.....##
#.#...... ##..gg#
#.#.#.... ##.#@#
#.#.#.#.# ###5#
#.#.#.#.# #.#
#.#.#.#.# #.#
#........ #.#
###.#.#.# #.# #.#.#.#
#.##### #.#.#.#
#.....# #.#....
#####.######.#..#.


You could see 2 gnolls and a friendly crimson imp (summoned).

Vanquished Creatures
  A gnoll (D:3)
  2 adders (D:3)
  A worm (D:2)
  A dart slug (D:1)
  4 orcs (D:3)
  4 ball pythons
  8 bats
  3 endoplasms
  4 giant cockroaches (D:1)
  4 goblins
  A hobgoblin (D:2)
  3 kobolds (D:1)
  2 quokkas
  7 frilled lizards
  6 rats
51 creatures vanquished.

Vanquished Creatures (collateral kills)
  A gnoll (D:3)
  A goblin (D:3)
2 creatures vanquished.

Grand Total: 53 creatures vanquished

Notes
Turn   | Place    | Note
-------+----------+-------------------------------------------
     0 | D:1      | DogServant the Djinni Hedge Wizard began the quest for the
                  | Orb.
     0 | D:1      | Reached XP level 1. HP: 15/15 MP: 0/0
   182 | D:1      | Found a faded altar of an unknown god.
   198 | D:1      | Reached skill level 3 in Spellcasting
   265 | D:1      | Reached XP level 2. HP: 17/21 MP: 0/0
  1234 | D:1      | Reached XP level 3. HP: 24/25 MP: 0/0
  1234 | D:1      | Learned a level 1 spell: Sandblast
  2153 | D:2      | Noticed Sigmund
  2684 | D:3      | Reached XP level 4. HP: 17/31 MP: 0/0
  2879 | D:3      | Found a stormy altar of Qazlal.
  2885 | D:3      | Found an opulent altar of Gozag.
  2947 | D:3      | Found a hide-covered altar of Uskayaw.
  3071 | D:3      | Found a glowing silver altar of Zin.
  3077 | D:3      | Reached skill level 1 in Fighting
  3131 | D:3      | Found Nitarav's Magic Scroll Shop.
  3140 | D:3      | Bought 2 scrolls of teleportation for 72 gold pieces
  3619 | D:3      | Reached skill level 4 in Spellcasting
  3626 | D:3      | Slain by a gnoll

Illustrated notes

Levels and vault maps discovered:
D:1:      saegor_arrival_simple_e, layout_basic,
          chequers_ecumenical_altar_simple_redux
D:2:      layout_basic, serial_shops, shop_coins, uniq_sigmund
D:3:      layout_loops_ring, nicolae_overflow_crystal_walls,
          minmay_overflow_temple_star_quad, lemuel_doored_altar, serial_shops,
          shop_scrolls

Skill      XL: |  1  2  3  4 |
---------------+-------------+-----
Spellcasting   | 3 4 |  4.0
Stealth        | 2 |  2.0
Fighting       | 1 |  1.0
Dodging        | 3 |  3.0

Action                   |  1- 3 |  4- 6 || total
-------------------------+-------+-------++-------
Melee: Dagger            |    11 |       ||    11
       Staff             |     2 |       ||     2
 Cast: Magic Dart        |    67 |    42 ||   109
       Sandblast         |    16 |       ||    16
       Slow              |     3 |       ||     3
       Call Imp          |     2 |     1 ||     3
       Conjure Flame     |     1 |     2 ||     3
       Mephitic Cloud    |     1 |       ||     1
       Blink             |     1 |       ||     1
  Use: Scroll            |     1 |       ||     1
       Potion            |     1 |       ||     1
Armor: Robe              |     8 |     4 ||    12
Dodge: Dodged            |    30 |     5 ||    35

Table legend: (Time is in decaauts)
 A = Elapsed time spent in this place.
 B = Non-inter-level travel time spent in this place.
 C = Inter-level travel time spent in this place.
 D = Time resting spent in this place.
 E = Time spent auto-exploring this place.
 F = Levels seen in this place.
 G = Mean time per level.
                   A        B        C        D        E       F      G
               +--------+--------+--------+--------+--------+-----+--------+
         Total |   3627 |   3535 |     92 |    309 |   2901 |   3 | 1209.0 |
       Dungeon |   3627 |   3535 |     92 |    309 |   2901 |   3 | 1209.0 |
               +--------+--------+--------+--------+--------+-----+--------+

Top non-repeatable levels by time:
     D:1: 1972 daAuts
     D:3: 1067 daAuts
     D:2: 587 daAuts
